 Dungeon Crawl Stone Soup version 0.19.5 (webtiles) character file.

625 Gargoyl the Skirmisher (level 7, -4/60 HPs)
             Began as a Ghoul Abyssal Knight on Mar 8, 2017.
             Was a Priest of Lugonu.
             Slain by a gnoll
             ... wielding a +1 spear of distortion
              (25 damage)
             ... on level 4 of the Dungeon.
             The game lasted 00:10:40 (3036 turns).

Gargoyl the Skirmisher (Ghoul Abyssal Knight)       Turns: 3036, Time: 00:10:40

Health: -4/60      AC:  8    Str: 18    XL:     7   Next: 47%
Magic:  7/7        EV: 12    Int:  7    God:    Lugonu [***...]
Gold:   248        SH:  0    Dex: 14    Spells: 0 memorised, 6 levels left

rFire  + . .     SeeInvis .     e - +2 rapier of Basyepp {pierce, MR- Str+2 Dex+4 Stlth+} (curse)
rCold  + . .     Gourm    .     k - +0 ring mail
rNeg   + + +     Faith    .     (no shield)
rPois  ∞         Spirit   .     p - +0 helmet
rElec  .         Reflect  .     (no cloak)
rCorr  .         Harm     .     (no gloves)
MR     .....                    m - +0 pair of boots
Stlth  +++.......               (no amulet)
                                (no ring)
                                f - ring of protection from fire

@: rotting
A: rotting body, claws 1, carnivore 3, cold resistance 1, negative energy
resistance 3, slow regeneration 1, torment resistance, unbreathing
a: Depart the Abyss, Bend Space, Banish, Renounce Religion


You were on level 4 of the Dungeon.
You worshipped Lugonu.
Lugonu was most pleased with you.
You were not hungry.

You visited 1 branch of the dungeon, and saw 4 of its levels.
You visited the Abyss 1 time.

You collected 248 gold pieces.

Inventory:

Hand Weapons
 a - a +2 hand axe
 e - the cursed +2 rapier of Basyepp (weapon) {pierce, MR- Str+2 Dex+4 Stlth+}
   (You found it on level 2 of the Abyss)

   It inflicts extra damage upon your enemies.
   It affects your strength (+2).
   It affects your dexterity (+4).
   It affects your resistance to hostile enchantments.
   It makes you more stealthy.
   It has a curse placed upon it.
Armour
 k - a +0 ring mail (worn)
 m - a +0 pair of boots (worn)
 p - a +0 helmet (worn)
Jewellery
 d - a +3 amulet of reflection {unknown}
 f - a ring of protection from fire (left claw)
Wands
 l - a wand of heal wounds (4/9)
Scrolls
 b - a scroll of fog
 i - a scroll of amnesia
 o - a scroll of teleportation
Potions
 g - a potion of lignification {unknown}
 h - 2 potions of curing {unknown}
 j - a potion of cure mutation {unknown}
 n - a potion of heal wounds
 q - a potion of magic {unknown}
Comestibles
 c - 3 meat rations


   Skills:
 + Level 4.9 Fighting
 + Level 4.1 Short Blades
 + Level 1.7 Axes
 + Level 3.3 Armour
 + Level 2.4 Dodging
 + Level 3.3 Stealth
 + Level 2.0 Invocations


You had 6 spell levels left.
You didn't know any spells.

Dungeon Overview and Level Annotations

Branches:
Dungeon (4/15)
 Temple: D:4-7

Altars:
Trog


Innate Abilities, Weirdness & Mutations

Your body is rotting away.
You thrive on raw meat.
You are immune to poison.
You have sharp fingernails.
You are carnivorous and can eat meat at any time.
Your flesh is cold resistant. (rC+)
You are immune to negative energy. (rN+++)
You regenerate slowly when monsters are visible.
You are immune to unholy pain and torment.
You can survive without breathing.


Message History

The gnoll hits you from afar with a spear.
The gnoll hits you but does no damage. Space warps horribly around you!
You hit the gnoll but do no damage.
The gnoll is severely wounded.
The gnoll completely misses you. The gnoll hits you but does no damage.
Space bends around you.
You barely miss the gnoll.
The gnoll is severely wounded.
The gnoll barely misses you. x2
You barely miss the gnoll.
The gnoll is severely wounded.
The gnoll hits you from afar with a spear.
The gnoll hits you but does no damage.
You blink.
The gnoll hits you with a spear!
You hit the gnoll.
The gnoll is severely wounded.
The gnoll drinks a potion.
The gnoll is healed!
The gnoll hits you from afar with a spear of distortion.
Space warps horribly around you!
You die...

#.... ##+# ##.##.## #...##
##...#..#
+.8...###...8....#######
.............##<)).....
#....<....###..#######
#.....###..#.###.... ####
##.8.##....#...#.### ....
###gg@..###..###.#.#
###....>....###..#...## ##
#####....§........#..#....##
...
....'.8...###...8..(........
### ####...###
###...#..#....## ##.####
#.##.##..#....#
#....####.......#....#
####.#..........#....#
#...##.############


You could see 2 gnolls.

Vanquished Creatures
  Grinder (D:3)
  A howler monkey (D:4)
  An orc wizard (D:4)
  Natasha (thrice) (D:3)
  A worker ant (D:4)
  Robin (D:3)
  A howler monkey skeleton (D:3)
  4 adders
  11 gnolls
  5 oozes (D:1)
  A worm (D:2)
  2 dart slugs (D:1)
  A leopard gecko (D:1)
  3 orcs
  10 giant cockroaches
  14 goblins
  6 hobgoblins
  A jackal (D:1)
  4 quokkas
  2 ball pythons (D:1)
  2 bats
  3 frilled lizards
  5 kobolds
  11 rats
94 creatures vanquished.

Notes
Turn   | Place    | Note
-------+----------+-------------------------------------------
     0 | Abyss:1  | Gargoyl the Ghoul Abyssal Knight began the quest for the Orb.
     0 | Abyss:1  | Reached XP level 1. HP: 19/19 MP: 1/1
    46 | Abyss:2  | Noticed an ancient zyme
    48 | Abyss:2  | Got a crude rapier
    51 | D:1      | Escaped the Abyss
    52 | D:1      | Identified the cursed +2 rapier of Basyepp {pierce, MR- Str+2 Dex+4 Stlth+} (You found it on level 2 of the Abyss)
    55 | D:1      | Found a runed door.
   283 | D:1      | Reached XP level 2. HP: 22/26 MP: 2/2
   361 | D:1      | Reached skill level 1 in Stealth
   520 | D:1      | Reached * piety under Lugonu
   732 | D:2      | Reached skill level 1 in Dodging
   806 | D:2      | Reached XP level 3. HP: 19/33 MP: 3/3
   933 | D:2      | Reached skill level 1 in Short Blades
   937 | D:2      | Reached XP level 4. HP: 30/40 MP: 4/4
  1237 | D:1      | HP: 2/40 [gnoll/halberd (6)]
  1659 | D:2      | Reached XP level 5. HP: 38/44 MP: 5/5
  1963 | D:3      | Noticed Grinder
  1965 | D:3      | Paralysed by Grinder for 2 turns
  1970 | D:3      | Paralysed by Grinder for 4 turns
  1976 | D:3      | Paralysed by Grinder for 5 turns
  1987 | D:3      | Killed Grinder
  1987 | D:3      | Reached ** piety under Lugonu
  1987 | D:3      | Reached XP level 6. HP: 17/53 MP: 6/6
  2043 | D:3      | Noticed Natasha
  2050 | D:3      | Killed Natasha
  2112 | D:3      | Noticed Robin
  2127 | D:3      | Noticed Natasha
  2138 | D:3      | Killed Robin
  2150 | D:3      | Killed Natasha
  2150 | D:3      | Reached XP level 7. HP: 50/60 MP: 7/7
  2304 | D:3      | Noticed Natasha
  2336 | D:3      | Killed Natasha
  2748 | D:4      | Found a bloodstained altar of Trog.
  2805 | D:4      | Reached *** piety under Lugonu
  3036 | D:4      | Slain by a gnoll

Skill      XL: |  1  2  3  4  5  6  7 |
---------------+----------------------+-----
Armour         | 2 3 |  3.3
Stealth        | 1 2 3 |  3.3
Dodging        | 1 2 |  2.4
Fighting       | 4 |  4.9
Short Blades   | 1 2 3 4 |  4.1
Axes           | |  1.7
Invocations    | |  2.0

Action                   |  1- 3 |  4- 6 |  7- 9 || total
-------------------------+-------+-------+-------++-------
Melee: Rapier            |    62 |   129 |    69 ||   260
Invok: Depart the Abyss  |     1 |       |       ||     1
  Use: Scroll            |     3 |     4 |     3 ||    10
 Stab: Sleeping          |     2 |     5 |     7 ||    14
       Distracted        |     1 |       |       ||     1
  Eat: Chunk             |    16 |    21 |     9 ||    46
Armor: Leather armour    |    17 |     9 |       ||    26
       Ring mail         |       |    16 |    23 ||    39
Dodge: Dodged            |    41 |    65 |    37 ||   143
